 Dungeon Crawl Stone Soup version 0.21-a0-260-g9b2435e (webtiles) character file.

1417 Kidiri the Thaumaturge (level 8, -1/41 HPs)
             Began as a Deep Elf Fire Elementalist on Sept 7, 2017.
             Was an Initiate of Vehumet.
             Killed by divine providence
             ... invoked by an orc priest
              (13 damage)
             ... on level 5 of the Dungeon.
             The game lasted 00:21:59 (8495 turns).

Kidiri the Thaumaturge (Deep Elf Fire Elementalist) Turns: 8495, Time: 00:22:00

Health: -1/41      AC:  4    Str:  5      XL:     8   Next: 43%
Magic:  15/24      EV: 13    Int: 19 (23) God:    Vehumet [......]
Gold:   246        SH:  0    Dex: 17      Spells: 9/27 levels left

rFire    + . .     SeeInvis .   i - +1 dagger (freeze)
rCold    . . .     Gourm    .   (no shield)
rNeg     . . .     Faith    .   r - +2 robe {rF+}
rPois    .         Spirit   .   (no helmet)
rElec    .         Reflect  .   (no cloak)
rCorr    .         Harm     .   (no gloves)
MR       .....                  (no boots)
Stlth    ++........             (no amulet)
HPRegen  0.13/turn              (no ring)
MPRegen  0.19/turn              (no ring)

@: no status effects
A: agile 1, deterioration 1
a: Renounce Religion


You were on level 5 of the Dungeon.
You worshipped Vehumet.
Vehumet was noncommittal.
You were very hungry.

You visited 2 branches of the dungeon, and saw 6 of its levels.

You collected 246 gold pieces.

Inventory:

Hand Weapons
 i - a +1 dagger of freezing (weapon)
 l - a +1 dagger of speed
Armour
 r - a +2 robe of fire resistance (worn)
Wands
 g - a wand of flame (29/48)
Scrolls
 d - 5 scrolls of remove curse
Potions
 e - a potion of lignification {unknown}
 h - a potion of cancellation {unknown}
 j - a potion of heal wounds {unknown}
 m - a potion of flight
 n - 2 potions of ambrosia {unknown}
 q - 2 potions of curing {unknown}
Books
 b - a book of Flames

   Spells                             Type                      Level
   a - Flame Tongue                   Conjuration/Fire             1
   b - Throw Flame                    Conjuration/Fire             2
   c - Conjure Flame                  Conjuration/Fire             3
   d - Inner Flame                    Hexes/Fire                   3
   e - Sticky Flame                   Conjuration/Fire             4
   f - Fireball                       Conjuration/Fire             5
Comestibles
 a - 7 chunks of flesh
 c - 5 bread rations
 o - 2 meat rations


   Skills:
 - Level 2.4 Dodging
 - Level 2.4 Stealth
 * Level 10.2 Spellcasting
 + Level 5.5 Conjurations
 + Level 6.5 Fire Magic


You had 9 spell levels left.
You knew the following spells:

 Your Spells              Type           Power        Failure   Level  Hunger
a - Flame Tongue          Conj/Fire      ####.        1%          1    None
b - Throw Flame           Conj/Fire      ####..       1%          2    None
c - Conjure Flame         Conj/Fire      ####....     1%          3    None
d - Inner Flame           Hex/Fire       ###.....     5%          3    None
e - Sticky Flame          Conj/Fire      ####....     6%          4    ##.....
f - Fireball              Conj/Fire      ####......   17%         5    #####..


Dungeon Overview and Level Annotations

Branches:
Dungeon (5/15)             Temple (1/1) D:5

Altars:
Ashenzari
Cheibriados
Elyvilon
Fedhas
Hepliaklqana
Kikubaaqudgha
Makhleb
Nemelex Xobeh
Okawaru
Qazlal
Ru
Sif Muna
Trog
Uskayaw
Vehumet
Wu Jian
Xom
Yredelemnul
Zin
The Shining One


Innate Abilities, Weirdness & Mutations

You are agile. (Dex +2)
Your body sometimes deteriorates upon taking damage.


Message History

The fireball explodes!
The fireball engulfs the orc wizard.
The orc wizard is heavily wounded.
The fireball engulfs the orc.
You kill the orc!
Vehumet accepts your kill.
The fireball engulfs the orc.
The orc explodes!
Vehumet accepts your kill.
You feel a bit more experienced.
The fiery explosion engulfs the orc.
You kill the orc!
Vehumet accepts your kill.
The fiery explosion engulfs the orc.
You kill the orc!
Vehumet accepts your kill.
The fiery explosion engulfs the orc wizard.
You kill the orc wizard!
Vehumet accepts your kill. x2
The orc priest calls down the wrath of Beogh upon you.
Beogh smites you!
You die...

+#.........#.........# #.#.#
.#.........#.........########.#.#
.##....####..........'........#.#
###....# #........%.##########.#
# #....# #..........# #.# #
#############....### #.#
o.......)####..#.# #.#
o8..8..8.)8##..#.# #.#
........))oo#.@#.# #[#
.o......).ยงยง)..#.# #.#
.o......o.o)#.%#.# #)#
o8..8..8..8#####.############.#
o........#######.((............
###############.)...#############
##.>..#......<......#
##....#.............#
##....#####'##......#


You could see an orc priest and an orc.

Vanquished Creatures
  A sky beast (D:5)
  A phantom (D:5)
  2 orc warriors (D:5)
  An ice beast (D:5)
  2 centaurs (D:5)
  Blork the orc (D:5)
  2 scorpions (D:5)
  3 hounds (D:5)
  An orc priest (D:4)
  5 orc wizards
  4 worker ants
  A hound skeleton (D:5)
  12 adders
  8 worms
  A dart slug (D:1)
  3 leopard geckos
  32 orcs
  7 bats
  4 giant cockroaches
  2 goblins
  7 hobgoblins
  12 jackals
  3 quokkas
  6 frilled lizards
  7 kobolds
  A leopard gecko skeleton (D:5)
  7 rats
136 creatures vanquished.

Notes
Turn   | Place    | Note
-------+----------+-------------------------------------------
     0 | D:1      | Kidiri the Deep Elf Fire Elementalist began the quest for the Orb.
     0 | D:1      | Reached XP level 1. HP: 10/10 MP: 6/6
   403 | D:1      | Reached XP level 2. HP: 15/15 MP: 5/8
   407 | D:1      | Learned a level 2 spell: Throw Flame
  1045 | D:2      | Reached skill level 4 in Spellcasting
  1045 | D:2      | Reached XP level 3. HP: 14/19 MP: 5/10
  1053 | D:2      | Learned a level 3 spell: Conjure Flame
  1057 | D:2      | Learned a level 3 spell: Inner Flame
  1696 | D:2      | Reached XP level 4. HP: 21/24 MP: 1/12
  1798 | D:2      | Found a sacrificial altar of Ru.
  2480 | D:2      | Found a faded altar of an unknown god.
  2757 | D:3      | Gained mutation: Your body sometimes deteriorates upon taking damage. [potion of mutation]
  2757 | D:3      | Gained mutation: You are agile. (Dex +2) [potion of mutation]
  2771 | D:3      | Reached skill level 5 in Spellcasting
  2843 | D:3      | Learned a level 4 spell: Sticky Flame
  2970 | D:3      | Reached XP level 5. HP: 28/28 MP: 9/14
  3942 | D:4      | Reached skill level 6 in Spellcasting
  3959 | D:4      | HP: 1/28 [orc wizard/dagger (7)]
  4264 | D:4      | Reached XP level 6. HP: 32/32 MP: 3/17
  4319 | D:4      | Learned a level 5 spell: Fireball
  4856 | D:4      | Found a sparkling altar of Nemelex Xobeh.
  5386 | D:5      | Entered Level 5 of the Dungeon
  5476 | D:5      | Reached skill level 7 in Spellcasting
  5700 | D:5      | Noticed a sky beast
  5713 | D:5      | Killed a sky beast
  5713 | D:5      | Reached skill level 5 in Fire Magic
  5713 | D:5      | Reached XP level 7. HP: 20/36 MP: 2/20
  5716 | D:5      | HP: 1/36 [cloud of steam (20)]
  5839 | D:5      | Reached skill level 8 in Spellcasting
  6801 | D:5      | Found a staircase to the Ecumenical Temple.
  6807 | Temple   | Entered the Ecumenical Temple
  7201 | Temple   | Became a worshipper of Vehumet
  7270 | D:5      | Noticed Blork the orc
  7282 | D:5      | Killed Blork the orc
  7282 | D:5      | Reached skill level 9 in Spellcasting
  7802 | D:5      | Reached XP level 8. HP: 35/41 MP: 19/23
  7936 | D:5      | Found a runed door.
  8067 | D:5      | Reached skill level 5 in Conjurations
  8487 | D:5      | Reached skill level 10 in Spellcasting
  8495 | D:5      | Killed from afar by an orc priest

Vault maps used:
D:1:      lightli_iron_boxes, minivault_26
D:2:      lemuel_round_altar, chequers_ecumenical_altar_lobes,
          minmay_pentomino_s2
D:4:      overflow_temple_1_default
D:5:      temple_statues, first_bread, nrook_pool_corridor,
          lightli_church_of_beogh, uniq_blork_the_orc
Temple:   hc_temple_tempest_star

Skill      XL: |  1  2  3  4  5  6  7  8 |
---------------+-------------------------+-----
Conjurations   | 2 3 4 5 |  5.5
Spellcasting   | 4 5 6 7 9 10 | 10.2
Fire Magic     | 4 5 6 |  6.5
Dodging        | |  2.4
Stealth        | |  2.4

Action                   |  1- 3 |  4- 6 |  7- 9 || total
-------------------------+-------+-------+-------++-------
Melee: Short sword       |     2 |     7 |       ||     9
       Unarmed           |     1 |       |       ||     1
       Dagger            |     3 |    31 |   130 ||   164
 Cast: Flame Tongue      |    57 |    98 |    27 ||   182
       Throw Flame       |       |    13 |       ||    13
       Sticky Flame      |       |    16 |    13 ||    29
       Inner Flame       |       |       |     7 ||     7
       Fireball          |       |       |     1 ||     1
       Conjure Flame     |       |       |     1 ||     1
Evoke: Wand              |       |       |     1 ||     1
  Use: Scroll            |     6 |     9 |       ||    15
       Potion            |       |     2 |     1 ||     3
 Stab: Sleeping          |     1 |     6 |     4 ||    11
  Eat: Chunk             |     2 |    10 |     8 ||    20
       Royal jelly       |       |     2 |     1 ||     3
Armor: Robe              |    10 |    18 |    40 ||    68
Dodge: Dodged            |    29 |    55 |    75 ||   159

Table legend:
 A = Spawn XP
 B = Non-spawn XP
 C = Spawn XP percentage of total XP
 D = Spawn monster count
 E = Non-spawn monster count
 F = Spawn count percentage of total count
 G = Total turns spent on level
                    A         B        C        D         E        F      G
               +---------+---------+-------+---------+---------+-------+---------
         Total |       0 |    2025 |   0.0 |       0 |     136 |   0.0 |  8495
               +---------+---------+-------+---------+---------+-------+---------
           D:1 |       0 |      32 |   0.0 |       0 |      19 |   0.0 |  1055
           D:2 |       0 |     123 |   0.0 |       0 |      33 |   0.0 |  1720
           D:3 |       0 |      92 |   0.0 |       0 |      22 |   0.0 |  1205
           D:4 |       0 |     177 |   0.0 |       0 |      16 |   0.0 |  1449
           D:5 |       0 |    1601 |   0.0 |       0 |      46 |   0.0 |  2644
               +---------+---------+-------+---------+---------+-------+---------
